General information
- name: BNet
- type: Ladder team game (AT/RT)
- host: Battle.net
- saver: Noinu
map: CopperCanyon
- players: 6
- length: 47:28
- speed: Fast
- version: 1.21 W3XP
- replay type: Public
» download(242 KB)
Players
team 1 (winner)
Noinu (
purple | 51 APM | 2436 actions | 47:27)
7 Blademaster
3 Wind Walk
3 Critical Strike
1 Bladestorm
» actions
| Assign group hotkey | 20 | |
| Basic commands | 148 | |
| Build / train | 68 | |
| Enter build submenu | 39 | |
| Enter hero's abilities submenu | 7 | |
| Right click | 578 | |
| Select / deselect | 389 | |
| Select group hotkey | 1001 | |
| Use ability | 186 | |
2436 total
» units
» upgrades
| Spiked Barricades | 1 | |
| Gunpowder | 1 | |
| Flare | 1 | |
| Liquid Fire | 1 | |
| Ranged Weapons | 3 | |
| Reinforced Defenses | 1 | |
8 total
» buildings
| Altar of Storms | 1 | |
| Orc Burrow | 4 | |
| War Mill | 1 | |
| Watch Tower | 23 | |
| Voodoo Lounge | 1 | |
| Stronghold | 1 | |
| Beastiary | 7 | |
| Workshop | 1 | |
| Fortress | 1 | |
| Guard Tower | 1 | |
| Farm | 2 | |
| Arcane Vault | 1 | |
| Great Hall | 1 | |
45 total
» build order
00:03 Altar of Storms
00:05 Orc Burrow
00:39 War Mill
02:00 Watch Tower
02:01 Watch Tower
02:30 Orc Burrow
04:02 Voodoo Lounge
04:13 Watch Tower
04:13 Watch Tower
04:32 Watch Tower
04:46 Stronghold
04:56 Watch Tower
05:12 Watch Tower
05:43 Watch Tower
06:07 Orc Burrow
06:24 Watch Tower
06:33 Watch Tower
07:24 Beastiary
07:27 Beastiary
07:56 Beastiary
07:59 Watch Tower
08:39 Watch Tower
09:10 Watch Tower
09:19 Workshop
09:33 Orc Burrow
09:36 Fortress
09:41 Guard Tower
10:01 Watch Tower
10:39 Farm
10:41 Farm
11:35 Arcane Vault
13:10 Watch Tower
24:22 Watch Tower
24:38 Watch Tower
25:30 Watch Tower
26:11 Watch Tower
31:02 Watch Tower
32:18 Watch Tower
32:19 Watch Tower
35:28 Beastiary
35:29 Beastiary
35:35 Beastiary
35:38 Beastiary
35:43 Great Hall
37:03 Watch Tower
» items
| Healing Salve | 2 | |
| Lesser Clarity Potion | 3 | |
| Scroll of Speed | 1 | |
| Orb of Lightning | 1 | |
| Scroll of Town Portal | 2 | |
| Potion of Mana | 4 | |
| Potion of Healing | 4 | |
17 total
PistophChrstoph (
red | 47 APM | 386 actions | 08:13)
1 Mountain King
1 Storm Bolt
» actions
| Assign group hotkey | 7 | |
| Basic commands | 26 | |
| Build / train | 37 | |
| ESC pressed | 2 | |
| Enter build submenu | 23 | |
| Enter hero's abilities submenu | 1 | |
| Right click | 123 | |
| Select / deselect | 117 | |
| Select group hotkey | 11 | |
| Use ability | 39 | |
386 total
» units
» upgrades
| Masonry | 1 | |
| Gunpowder | 1 | |
| Armor | 1 | |
| Lumber Harvesting | 1 | |
4 total
» buildings
| Farm | 3 | |
| Altar of Kings | 1 | |
| Lumber Mill | 1 | |
| Scout Tower | 18 | |
| Guard Tower | 13 | |
| Blacksmith | 1 | |
| Keep | 1 | |
| Workshop | 3 | |
41 total
» build order
00:07 Farm
00:11 Altar of Kings
00:48 Lumber Mill
00:52 Farm
01:21 Scout Tower
01:24 Scout Tower
01:58 Guard Tower
02:07 Guard Tower
02:22 Scout Tower
02:25 Farm
03:21 Guard Tower
03:23 Scout Tower
03:25 Scout Tower
03:46 Scout Tower
04:12 Guard Tower
04:15 Scout Tower
04:17 Scout Tower
04:20 Scout Tower
04:23 Guard Tower
04:28 Scout Tower
04:32 Scout Tower
04:32 Scout Tower
04:49 Blacksmith
04:51 Guard Tower
05:00 Guard Tower
05:06 Guard Tower
05:11 Keep
05:16 Scout Tower
05:17 Scout Tower
05:19 Scout Tower
05:36 Guard Tower
05:56 Guard Tower
06:18 Guard Tower
06:30 Scout Tower
06:31 Scout Tower
06:32 Scout Tower
06:51 Guard Tower
07:26 Guard Tower
07:36 Workshop
07:49 Workshop
08:00 Workshop
» items
| Healing Salve | 1 | |
| Lesser Clarity Potion | 1 | |
2 total
Sylink (
yellow | 93 APM | 4415 actions | 47:27)
7 Blademaster
3 Wind Walk
3 Critical Strike
1 Bladestorm
7 Mountain King
3 Bash
2 Storm Bolt
1 Avatar
1 Thunder Clap
1 Archmage
1 Blizzard
1 Paladin
1 Holy Light
» actions
| Assign group hotkey | 41 | |
| Basic commands | 165 | |
| Build / train | 125 | |
| ESC pressed | 5 | |
| Enter build submenu | 101 | |
| Enter hero's abilities submenu | 17 | |
| Give item / drop item | 7 | |
| Remove unit from queue | 1 | |
| Right click | 1682 | |
| Select / deselect | 614 | |
| Select group hotkey | 1324 | |
| Use ability | 333 | |
4415 total
» units
| Peon | 19 | |
| Peasant | 5 | |
| Mortar Team | 11 | |
| Troll Batrider | 12 | |
| Priest | 5 | |
| Flying Machine | 5 | |
57 total
» upgrades
| Spiked Barricades | 1 | |
| Armor | 2 | |
| Masonry | 2 | |
| Liquid Fire | 1 | |
| Gunpowder | 1 | |
| Ranged Weapons | 1 | |
| Fragmentation Shards | 1 | |
| Flak Cannons | 1 | |
10 total
» buildings
| Altar of Storms | 1 | |
| Orc Burrow | 3 | |
| War Mill | 2 | |
| Voodoo Lounge | 2 | |
| Watch Tower | 44 | |
| Stronghold | 1 | |
| Scout Tower | 34 | |
| Barracks | 2 | |
| Beastiary | 2 | |
| Guard Tower | 9 | |
| Farm | 8 | |
| Castle | 1 | |
| Fortress | 1 | |
| Great Hall | 1 | |
| Lumber Mill | 1 | |
| Cannon Tower | 6 | |
| Town Hall | 1 | |
| Arcane Sanctum | 2 | |
121 total
» build order
00:03 Altar of Storms
00:08 Orc Burrow
00:41 War Mill
01:11 Voodoo Lounge
01:54 Watch Tower
02:22 Watch Tower
02:36 Orc Burrow
03:21 Watch Tower
03:53 Watch Tower
03:57 Watch Tower
04:35 Stronghold
05:01 Watch Tower
05:02 Watch Tower
05:51 Watch Tower
05:52 Watch Tower
06:10 Watch Tower
06:28 Watch Tower
07:18 Watch Tower
07:20 Watch Tower
07:21 Watch Tower
08:09 Watch Tower
08:10 Watch Tower
08:20 Watch Tower
08:26 Scout Tower
08:57 Watch Tower
08:57 Watch Tower
09:25 Watch Tower
09:26 Watch Tower
09:44 Scout Tower
09:45 Scout Tower
09:46 Scout Tower
09:46 Scout Tower
09:49 Scout Tower
09:50 Scout Tower
09:56 Watch Tower
09:59 Watch Tower
10:17 Watch Tower
10:18 Watch Tower
10:26 War Mill
10:29 Barracks
10:30 Barracks
10:37 Beastiary
10:50 Guard Tower
11:38 Farm
12:08 Watch Tower
12:12 Beastiary
12:44 Watch Tower
13:29 Farm
13:34 Watch Tower
14:00 Watch Tower
14:04 Orc Burrow
14:23 Scout Tower
14:24 Scout Tower
14:25 Castle
14:46 Watch Tower
14:48 Watch Tower
14:49 Watch Tower
16:15 Voodoo Lounge
16:52 Scout Tower
16:52 Scout Tower
16:54 Scout Tower
17:08 Scout Tower
17:10 Scout Tower
17:17 Fortress
17:20 Watch Tower
17:26 Great Hall
17:34 Guard Tower
17:37 Lumber Mill
17:39 Guard Tower
18:06 Scout Tower
18:07 Scout Tower
18:07 Scout Tower
18:28 Watch Tower
18:41 Scout Tower
18:41 Scout Tower
18:43 Scout Tower
18:43 Scout Tower
18:45 Scout Tower
18:45 Scout Tower
18:46 Scout Tower
18:47 Scout Tower
18:58 Scout Tower
18:59 Scout Tower
19:01 Guard Tower
19:16 Guard Tower
19:30 Cannon Tower
19:36 Guard Tower
19:44 Watch Tower
19:47 Scout Tower
19:49 Guard Tower
19:53 Town Hall
19:56 Guard Tower
20:03 Watch Tower
20:08 Cannon Tower
20:33 Cannon Tower
20:36 Scout Tower
21:30 Watch Tower
21:56 Cannon Tower
21:57 Watch Tower
23:02 Watch Tower
23:12 Watch Tower
23:46 Scout Tower
23:47 Watch Tower
23:48 Watch Tower
24:46 Watch Tower
24:48 Cannon Tower
24:50 Scout Tower
25:23 Cannon Tower
27:48 Scout Tower
27:49 Scout Tower
29:50 Guard Tower
29:50 Scout Tower
31:16 Farm
31:16 Farm
31:17 Farm
34:13 Farm
34:14 Farm
37:30 Watch Tower
41:32 Arcane Sanctum
43:21 Arcane Sanctum
45:15 Farm
» items
| Healing Salve | 6 | |
| Boots of Speed | 1 | |
| Scroll of Regeneration | 2 | |
| Lesser Clarity Potion | 2 | |
| Scroll of Town Portal | 4 | |
| Potion of Healing | 3 | |
| Potion of Mana | 1 | |
| Orb of Lightning | 2 | |
21 total
team 2 (loser)
0u812 (
orange | 36 APM | 1693 actions | 47:16)
4 Priestess of the Moon
2 Trueshot Aura
2 Scout
» actions
| Assign group hotkey | 26 | |
| Basic commands | 1 | |
| Build / train | 79 | |
| Enter build submenu | 50 | |
| Enter hero's abilities submenu | 4 | |
| Remove unit from queue | 1 | |
| Right click | 920 | |
| Select / deselect | 460 | |
| Select group hotkey | 97 | |
| Use ability | 55 | |
1693 total
» units
| Wisp | 22 | |
| Archer | 17 | |
| Chimaera | 8 | |
| Hippogryph | 7 | |
54 total
» upgrades
| Strength of the Moon | 2 | |
| Moon Armor | 2 | |
| Strength of the Wild | 3 | |
| Reinforced Hides | 3 | |
| Improved Bows | 1 | |
| Corrosive Breath | 1 | |
12 total
» buildings
| Moon Well | 15 | |
| Altar of Elders | 2 | |
| Ancient of War | 2 | |
| Hunter's Hall | 2 | |
| Tree of Ages | 2 | |
| Tree of Eternity | 2 | |
| Ancient of Wind | 2 | |
| Ancient Protector | 5 | |
| Chimaera Roost | 6 | |
| Tree of Life | 2 | |
40 total
» build order
00:07 Moon Well
00:13 Altar of Elders
00:53 Ancient of War
01:28 Moon Well
02:20 Ancient of War
02:49 Moon Well
03:25 Hunter's Hall
03:56 Moon Well
06:25 Tree of Ages
09:21 Tree of Eternity
09:51 Ancient of Wind
10:55 Ancient Protector
12:50 Chimaera Roost
12:55 Chimaera Roost
13:08 Chimaera Roost
18:25 Tree of Life
20:39 Hunter's Hall
20:49 Tree of Ages
21:29 Moon Well
21:56 Moon Well
22:06 Ancient Protector
22:42 Ancient Protector
23:06 Altar of Elders
23:28 Moon Well
24:09 Moon Well
24:44 Ancient Protector
24:59 Tree of Eternity
25:03 Moon Well
26:01 Ancient Protector
27:49 Ancient of Wind
28:05 Moon Well
28:20 Moon Well
28:57 Chimaera Roost
29:01 Chimaera Roost
29:20 Chimaera Roost
30:01 Moon Well
30:22 Moon Well
30:48 Moon Well
30:53 Moon Well
40:42 Tree of Life
AmericanCowboy (
teal | 49 APM | 2337 actions | 47:26)
3 Far Seer
2 Feral Spirit
1 Chain Lighting
4 Firelord
2 Summon Lava Spawn
2 Soul Burn
» actions
| Basic commands | 9 | |
| Build / train | 65 | |
| Enter build submenu | 33 | |
| Enter hero's abilities submenu | 7 | |
| Give item / drop item | 1 | |
| Remove unit from queue | 4 | |
| Right click | 1576 | |
| Select / deselect | 562 | |
| Use ability | 80 | |
2337 total
» units
| Peon | 11 | |
| Grunt | 9 | |
| Demolisher | 4 | |
| Raider | 3 | |
| Tauren | 1 | |
| Wind Rider | 1 | |
29 total
» upgrades
| Melee Weapons | 3 | |
| Ranged Weapons | 2 | |
| Burning Oil | 1 | |
| Berserker Strength | 1 | |
| Reinforced Defenses | 0 | |
| Armor | 2 | |
| Pillage | 1 | |
| Ensnare | 1 | |
| Pulverize | 1 | |
| Envenomed Spears | 1 | |
13 total
» buildings
| Altar of Storms | 2 | |
| Orc Burrow | 6 | |
| Barracks | 2 | |
| War Mill | 3 | |
| Voodoo Lounge | 1 | |
| Stronghold | 1 | |
| Fortress | 1 | |
| Watch Tower | 9 | |
| Tauren Totem | 2 | |
| Beastiary | 2 | |
| Great Hall | 3 | |
32 total
» build order
00:13 Altar of Storms
00:17 Orc Burrow
00:55 Barracks
01:41 Orc Burrow
01:54 War Mill
02:27 Barracks
03:27 Orc Burrow
03:51 Voodoo Lounge
06:02 Orc Burrow
06:17 Stronghold
07:37 Orc Burrow
09:21 Fortress
20:00 War Mill
20:47 War Mill
22:43 Watch Tower
22:50 Watch Tower
22:53 Watch Tower
23:17 Watch Tower
23:57 Tauren Totem
24:05 Tauren Totem
24:10 Watch Tower
24:35 Watch Tower
25:10 Beastiary
25:19 Beastiary
27:41 Great Hall
30:19 Watch Tower
34:31 Watch Tower
35:09 Watch Tower
41:04 Great Hall
41:23 Great Hall
44:27 Orc Burrow
46:38 Altar of Storms
» items
| Healing Salve | 2 | |
| Lesser Clarity Potion | 3 | |
| Scroll of Speed | 2 | |
| Tiny Great Hall | 1 | |
8 total
BloodTacoBS (
blue | 60 APM | 2438 actions | 40:32)
3 Death Knight
2 Death Coil
1 Unholy Aura
3 Lich
2 Frost Nova
1 Dark Ritual
1 Priestess of the Moon
1 Scout
» actions
| Assign group hotkey | 267 | |
| Basic commands | 121 | |
| Build / train | 57 | |
| Enter build submenu | 29 | |
| Enter hero's abilities submenu | 7 | |
| Remove unit from queue | 1 | |
| Right click | 1202 | |
| Select / deselect | 333 | |
| Select group hotkey | 328 | |
| Use ability | 93 | |
2438 total
» units
| Acolyte | 9 | |
| Ghoul | 5 | |
| Crypt Fiend | 9 | |
| Meatwagon | 2 | |
| Frost Wyrm | 4 | |
29 total
» upgrades
| Creature Attack | 3 | |
| Web | 1 | |
| Burrow | 1 | |
| Freezing Breath | 1 | |
6 total
» buildings
| Altar of Darkness | 1 | |
| Ziggurat | 14 | |
| Crypt | 2 | |
| Graveyard | 1 | |
| Tomb of Relics | 1 | |
| Nerubian Tower | 2 | |
| Spirit Tower | 5 | |
| Halls of the Dead | 1 | |
| Black Citadel | 1 | |
| Slaughterhouse | 3 | |
| Sacrificial Pit | 1 | |
| Boneyard | 2 | |
34 total
» build order
00:08 Altar of Darkness
00:10 Ziggurat
00:35 Crypt
01:10 Graveyard
01:17 Tomb of Relics
01:57 Ziggurat
02:42 Nerubian Tower
03:00 Spirit Tower
04:00 Ziggurat
05:02 Crypt
05:23 Halls of the Dead
06:07 Ziggurat
07:23 Spirit Tower
07:52 Nerubian Tower
09:19 Black Citadel
09:24 Slaughterhouse
09:26 Slaughterhouse
09:36 Slaughterhouse
11:49 Ziggurat
11:50 Ziggurat
14:30 Spirit Tower
14:34 Ziggurat
14:36 Ziggurat
14:56 Ziggurat
14:57 Ziggurat
15:39 Spirit Tower
17:05 Sacrificial Pit
17:47 Spirit Tower
18:10 Boneyard
18:14 Boneyard
25:38 Ziggurat
25:48 Ziggurat
25:50 Ziggurat
25:54 Ziggurat
» items
| Rod of Necromancy | 1 | |
| Potion of Healing | 1 | |
| Potion of Mana | 1 | |
3 total
Chat log
(00:14 / All) Sylink: gg
(00:15 / All) BloodTacoBS: gl hf
(00:33 / All) Sylink: i wonder what emerald city is like in the spring
(00:45 / All) Noinu: rainy.
(00:47 / All) Sylink: i bet its green
(00:54 / All) Sylink: RIMSHOT
(01:03 / All) PistophChrstoph: pizza here?
(01:04 / All) Noinu: sec guys he's getting pizza
(02:57 / All) 0u812: you ok?
(08:13 / Allies) Sylink: fucking nigger game
(24:31 / Allies) Noinu: feed
(27:27 / All) BloodTacoBS: u guys are so gay
(27:31 / All) Sylink: gg scrub
(27:39 / All) Noinu: you so gay because i suck at warcraft
(27:40 / All) 0u812: not gg son
(28:18 / All) Sylink: fucking owned
(28:24 / All) Sylink: oh no a shitty wyrm
(28:59 / All) Sylink: RAIDERS MAN YOU OWN
(29:18 / All) Sylink: you guys suck hard
(30:17 / All) Sylink: bats and mortars gg
(33:33 / All) Sylink: IN UR BASE AGAIN
(36:39 / All) Sylink: HI FAGGOT
(36:41 / All) Sylink: PREPARE TO DIE
(37:27 / All) Sylink: war is brewing
(39:40 / All) Sylink: gg
(40:30 / All) BloodTacoBS: i'd probably cut my throat if I spent my WC3 time hiding behind towers and running whenever anyone comes near me
(40:33 / All) Sylink: lmaoooo
(40:35 / All) Sylink: ggggg
(40:35 / All) Noinu: :D
(40:37 / All) Sylink: faggots
(40:44 / All) Noinu: smile, you're on highper.ch
(40:45 / All) Sylink: we just owned you the whole game
(40:48 / All) Sylink: how did we hide
(42:58 / All) AmericanCowboy: fun game eh?
(43:03 / All) Noinu: it is
(45:34 / All) 0u812: ITS A TRAP
(45:41 / All) Sylink: admiral ackbar gg
(46:24 / All) Noinu: buzzz
(46:52 / All) Sylink: gg
(47:08 / All) 0u812: haha well played
(47:13 / All) 0u812: gg
(47:19 / All) Sylink: scrub